 Dungeon Crawl Stone Soup version 0.21-a0-519-gb765982 (webtiles) character file.

156 slep the Chopper (level 5, -1/41 HPs)
             Began as a Barachi Gladiator on Dec 5, 2017.
             Slain by a hornet zombie (11 damage)
             ... on level 3 of the Dungeon.
             The game lasted 00:07:15 (1496 turns).

slep the Chopper (Barachi Gladiator)                Turns: 1496, Time: 00:07:15

Health: -1/41      AC:  8    Str: 16    XL:     5   Next: 37%
Magic:  5/5        EV: 11    Int:  8    God:
Gold:   134        SH:  0    Dex: 14    Spells: 4/4 levels left

rFire    . . .     SeeInvis .   a - +0 war axe
rCold    . . .     Gourm    .   (no shield)
rNeg     . . .     Faith    .   h - +0 scale mail
rPois    .         Spirit   .   c - +0 helmet
rElec    .         Reflect  .   m - +0 cloak
rCorr    .         Harm     .   (no gloves)
MR       .....                  (no boots)
Stlth    ..........             (no amulet)
HPRegen  0.13/turn              (no ring)
MPRegen  0.09/turn              (no ring)

@: slow
A: +LOS, swims, slowness 1, strong legs 1
a: Hop


You were on level 3 of the Dungeon.
You were not hungry.

You visited 1 branch of the dungeon, and saw 3 of its levels.

You collected 134 gold pieces.

Inventory:

Hand Weapons
 a - a +0 war axe (weapon)
Missiles
 d - 3 throwing nets (quivered)
Armour
 b - a +0 leather armour
 c - a +0 helmet (worn)
 h - a +0 scale mail (worn)
 m - a +0 cloak (worn)
Wands
 o - a wand of disintegration (16)
Scrolls
 e - a scroll of remove curse {unknown}
 k - a scroll of fog {unknown}
 n - 5 scrolls of identify {unknown}
 q - 2 scrolls of magic mapping {unknown}
 r - a scroll of enchant weapon {unknown}
Potions
 i - 3 potions of magic {unknown}
 j - 2 potions of agility {unknown}
 l - a potion of mutation {unknown}
 p - a potion of might {unknown}
Comestibles
 f - 3 bread rations
 g - 2 royal jellies
 s - 4 chunks of flesh
 t - a meat ration


   Skills:
 + Level 3.3 Fighting
 + Level 5.1 Axes
 + Level 2.1 Throwing
 + Level 1.2 Armour
 + Level 4.2 Dodging
 + Level 0.1 Stealth


You had 4 spell levels left.
You didn't know any spells.

Dungeon Overview and Level Annotations

Branches:
Dungeon (3/15)

Altars:


Innate Abilities, Weirdness & Mutations

Shadows flee at your approach. (+LOS)
You can swim through water.
You cover ground slowly.
You can hop short distances.


Message History

The frilled lizard hisses angrily.
You slash the frilled lizard!
You kill the frilled lizard!
You see here a frilled lizard corpse.
There is a stone staircase leading down here.
Some of the chunks of flesh in your inventory have rotted away.
There is a stone staircase leading down here.
Found 13 poisoned needles.
A hornet zombie comes into view.
Found 3 scrolls labeled TIAT TUYPT.
You closely miss the hornet zombie. The hornet zombie hits you.
The hornet zombie hits you but does no damage.
You barely miss the hornet zombie.
The hornet zombie hits you but does no damage.
You closely miss the hornet zombie. The hornet zombie hits you.
The hornet zombie barely misses you.
You closely miss the hornet zombie. The hornet zombie hits you!
* * * LOW HITPOINT WARNING * * *
The hornet zombie hits you!
You die...

##.# #####.....#.###..#.
...## #####....<......#
#..## ....##
###.....###..##...###..##
.....#
......(..#.............##
....##
.............###....#.##
†..## .........##.##
#....### .###
.........##.# #....# .#
..?......##.# ##..## .#
.......Z@...# #...#####
## .........####
##.#.....## ## .........#
#..#.###..# .###
######..## ###.#.......)
...# #.# #...#......))
##.# .. #..##........
#.##### ..# ##...........
#.)...### ..#
###......... #####.<.##.#
##...††...


You could see a hornet zombie.

Vanquished Creatures
  4 gnolls (D:3)
  An adder (D:3)
  3 worms
  3 dart slugs
  A leopard gecko (D:2)
  8 orcs (D:3)
  A ball python (D:1)
  5 giant cockroaches
  11 goblins
  5 hobgoblins
  A quokka (D:3)
  16 bats
  4 frilled lizards
  13 kobolds
  5 rats
81 creatures vanquished.

Notes
Turn   | Place    | Note
-------+----------+-------------------------------------------
     0 | D:1      | slep the Barachi Gladiator began the quest for the Orb.
     0 | D:1      | Reached XP level 1. HP: 17/17 MP: 1/1
    40 | D:1      | Reached XP level 2. HP: 11/23 MP: 2/2
   243 | D:1      | Reached XP level 3. HP: 25/28 MP: 3/3
   278 | D:1      | Reached skill level 4 in Axes
  1138 | D:3      | Reached XP level 4. HP: 32/35 MP: 4/4
  1150 | D:3      | Reached skill level 1 in Armour
  1404 | D:3      | Reached XP level 5. HP: 32/41 MP: 5/5
  1410 | D:3      | Reached skill level 5 in Axes
  1496 | D:3      | Slain by a hornet zombie

Vault maps used:
D:1:      minmay_arrival_nine_rooms, minmay_liquid_box, feat_on_display
D:2:      first_bread, kennysheep_generic_room_6
D:3:      roderic_batcave

Skill      XL: |  1  2  3  4  5 |
---------------+----------------+-----
Axes           | 4 5 |  5.1
Fighting       | 3 |  3.3
Armour         | 1 |  1.2
Dodging        | 4 |  4.2
Throwing       | |  2.1
Stealth        | |  0.1

Action                   |  1- 3 |  4- 6 || total
-------------------------+-------+-------++-------
Melee: War axe           |   129 |    88 ||   217
  Eat: Chunk             |     1 |     2 ||     3
Armor: Leather armour    |    21 |       ||    21
       Scale mail        |    39 |    47 ||    86
Dodge: Dodged            |   122 |    96 ||   218

Table legend:
 A = Spawn XP
 B = Non-spawn XP
 C = Spawn XP percentage of total XP
 D = Spawn monster count
 E = Non-spawn monster count
 F = Spawn count percentage of total count
 G = Total turns spent on level
                    A         B        C        D         E        F      G
               +---------+---------+-------+---------+---------+-------+---------
         Total |       0 |     223 |   0.0 |       0 |      81 |   0.0 |  1496
               +---------+---------+-------+---------+---------+-------+---------
           D:1 |       0 |      46 |   0.0 |       0 |      25 |   0.0 |   527
           D:2 |       0 |      31 |   0.0 |       0 |      15 |   0.0 |   591
           D:3 |       0 |     146 |   0.0 |       0 |      41 |   0.0 |   378
               +---------+---------+-------+---------+---------+-------+---------
